 Dungeon Crawl Stone Soup version 0.21-a0-529-g8c7b3f5 (webtiles) character file.

247 Amnesiac the Magician (level 5, -2/33 HPs)
             Began as a Deep Elf Wizard on Dec 10, 2017.
             Killed from afar by Natasha (6 damage)
             ... with a magic dart
             ... on level 3 of the Dungeon.
             The game lasted 00:04:46 (2713 turns).

Amnesiac the Magician (Deep Elf Wizard)             Turns: 2713, Time: 00:04:46

Health: -2/33      AC:  3    Str:  4    XL:     5   Next: 85%
Magic:  0/15       EV: 13    Int: 24    God:
Gold:   185        SH:  0    Dex: 13    Spells: 4/15 levels left

rFire    . . .     SeeInvis .   t - +0 hunting sling
rCold    . . .     Gourm    .   (no shield)
rNeg     . . .     Faith    .   a - +0 robe
rPois    .         Spirit   .   f - +0 helmet
rElec    .         Reflect  .   (no cloak)
rCorr    .         Harm     .   (no gloves)
MR       .....                  (no boots)
Stlth    ++........             (no amulet)
HPRegen  0.11/turn              (no ring)
MPRegen  0.14/turn              (no ring)

@: no status effects
A: no striking features
a: no special abilities


You were on level 3 of the Dungeon.
You were not hungry.

You visited 1 branch of the dungeon, and saw 3 of its levels.

You collected 185 gold pieces.

Inventory:

Hand Weapons
 q - a +0 arbalest
 t - a +0 hunting sling (weapon)
Missiles
 e - 13 poisoned needles
 h - 94 stones (quivered)
Armour
 a - a +0 robe (worn)
 f - a +0 helmet (worn)
Scrolls
 b - 3 scrolls of identify {!r, unknown}
 g - a scroll of enchant weapon {!r, unknown}
 k - a scroll of amnesia {!r, unknown}
 m - 2 scrolls of remove curse {!r, unknown}
 n - a scroll of magic mapping {!r, unknown}
 r - a scroll of blinking {!r, unknown}
 s - a scroll of fog {!r, unknown}
Potions
 i - a potion of lignification {!q, unknown}
 l - 2 potions of curing {!q, unknown}
 o - a potion of heal wounds {!q, unknown}
Books
 c - a book of Minor Magic

   Spells                             Type                      Level
   a - Magic Dart                     Conjuration                  1
   b - Blink                          Translocation                2
   c - Call Imp                       Summoning                    2
   d - Slow                           Hexes                        2
   e - Conjure Flame                  Conjuration/Fire             3
   f - Mephitic Cloud                 Conjuration/Poison/Air       3
Comestibles
 d - 2 bread rations
 j - a royal jelly
 p - 5 fruits
 u - a chunk of flesh


   Skills:
 * Level 3.7 Fighting
 + Level 3.7 Dodging
 - Level 2.4 Stealth
 + Level 5.5 Spellcasting
 - Level 1.1 Conjurations
 - Level 1.1 Summonings
 - Level 1.1 Translocations


You had 4 spell levels left.
You knew the following spells:

 Your Spells              Type           Power        Failure   Level  Hunger
a - Magic Dart            Conj           ##..         5%          1    None
b - Call Imp              Summ           ##......     9%          2    None
e - Mephitic Cloud        Conj/Pois/Air  #.......     22%         3    #......
s - Conjure Flame         Conj/Fire      #.......     21%         3    #......
v - Blink                 Tloc           N/A          9%          2    None


Dungeon Overview and Level Annotations

Branches:
Dungeon (3/15)

Altars:
Gozag
The Shining One

Annotations:
D:3 Natasha


Message History

Natasha closely misses your crimson imp.
Natasha barely misses your crimson imp.
Natasha mumbles some strange words.
Natasha closely misses your crimson imp.
Casting: Magic Dart
Confirm with . or Enter, or press ? or * to list all spells.
Aiming: Magic Dart
Press: ? - help, Shift-Dir - straight line, p - Natasha The magic dart hits the shadow imp.
The shadow imp is lightly wounded.
Your white imp disappears in a puff of smoke!
Natasha casts a spell.
Your crimson imp blinks!
Casting: Magic Dart
Confirm with . or Enter, or press ? or * to list all spells.
Aiming: Magic Dart
Press: ? - help, Shift-Dir - straight line
Okay, then.
The shadow imp hits you but does no damage.
The crimson imp blinks!
Casting: Magic Dart
Confirm with . or Enter, or press ? or * to list all spells.
Aiming: Magic Dart
Press: ? - help, Shift-Dir - straight line, f - Natasha
Aim: Natasha (moderately wounded, fast)
The magic dart hits Natasha.
Natasha is moderately wounded.
Natasha claws you! The shadow imp closely misses you. Natasha misses you.
Casting: Magic Dart
Confirm with . or Enter, or press ? or * to list all spells.
Aiming: Magic Dart
Press: ? - help, Shift-Dir - straight line, f/p - Natasha
Aim: Natasha (moderately wounded, fast)
The magic dart hits Natasha.
Natasha is heavily wounded.
Natasha claws you. The shadow imp hits you.
Your crimson imp blinks!
Casting: Magic Dart
Confirm with . or Enter, or press ? or * to list all spells.
Aiming: Magic Dart
Press: ? - help, Shift-Dir - straight line, f/p - Natasha
Aim: Natasha (heavily wounded, fast)
The magic dart hits Natasha.
Natasha is severely wounded.
Natasha misses you. The shadow imp barely misses you.
Natasha closely misses you.
Casting: Magic Dart
Confirm with . or Enter, or press ? or * to list all spells.
Aiming: Magic Dart
Press: ? - help, Shift-Dir - straight line, f/p - Natasha
Aim: Natasha (severely wounded, fast)
The magic dart hits Natasha.
Natasha is almost dead.
Natasha casts a spell at you. The magic dart hits you!
* * * LOW HITPOINT WARNING * * *
The shadow imp misses you.
Your crimson imp disappears in a puff of smoke!
Natasha stares at you and mumbles some strange words.
The magic dart hits you!
* * * LOW HITPOINT WARNING * * *
Natasha stares at you and mumbles some strange words.
The magic dart hits you!
You die...

#............##...........
#.................._......
#......55.................
#............##...........
##..........###..........
#..#...####.....#........
#####..#..5# ##.#####..##..##
.......)...###[.####...#.....
..........5h@..##............
.................[.###....#.#
...###.##......##......#..#..
.. #.#.....#########....... .
.......## ##.....# ##..#####
###.(.#.# #... ##...###..
...# #####..#...).. ..
#.....#...####


You could see Natasha and a shadow imp.

Vanquished Creatures
  An orc priest (D:3)
  An orc wizard (D:3)
  Natasha (D:3)
  4 gnolls (D:2)
  6 adders
  A worm (D:3)
  A dart slug (D:3)
  2 leopard geckos
  2 orcs (D:3)
  5 bats
  4 giant cockroaches
  5 goblins
  2 hobgoblins (D:2)
  A frilled lizard (D:2)
  7 kobolds
  3 rats
46 creatures vanquished.

Vanquished Creatures (collateral kills)
  Terence (D:3)
  An adder (D:3)
2 creatures vanquished.

Grand Total: 48 creatures vanquished

Notes
Turn   | Place    | Note
-------+----------+-------------------------------------------
     0 | D:1      | Amnesiac the Deep Elf Wizard began the quest for the Orb.
     0 | D:1      | Reached XP level 1. HP: 10/10 MP: 7/7
   565 | D:1      | Reached skill level 1 in Fighting
   806 | D:2      | Reached XP level 2. HP: 15/16 MP: 6/9
   983 | D:2      | Reached XP level 3. HP: 21/21 MP: 2/11
   987 | D:2      | Learned a level 2 spell: Blink
   991 | D:2      | Learned a level 3 spell: Conjure Flame
   995 | D:2      | Learned a level 3 spell: Mephitic Cloud
  1503 | D:2      | Reached XP level 4. HP: 27/27 MP: 2/12
  1863 | D:2      | Reached skill level 5 in Spellcasting
  2088 | D:3      | Found an opulent altar of Gozag.
  2264 | D:3      | Found a glowing golden altar of the Shining One.
  2314 | D:3      | Noticed Natasha
  2322 | D:3      | Killed Natasha
  2322 | D:3      | Reached XP level 5. HP: 26/32 MP: 5/14
  2670 | D:3      | Noticed Terence
  2675 | D:3      | Learned a level 2 spell: Call Imp
  2690 | D:3      | Killed Terence
  2700 | D:3      | Noticed Natasha
  2713 | D:3      | Killed from afar by Natasha

Vault maps used:
D:1:      dpeg_chamrin_arrival_tetris
D:3:      zin_treasury, nicolae_tso_swordbearing_angel,
          nicolae_gozag_seed_capital, uniq_terence, uniq_natasha

Skill      XL: |  1  2  3  4 |
---------------+-------------+-----
Fighting       | 1 2 3 |  3.7
Dodging        | 3 |  3.7
Spellcasting   | 5 |  5.5
Stealth        | |  2.4
Conjurations   | |  1.1
Summonings     | |  1.1
Translocations | |  1.1

Action                   |  1- 3 |  4- 6 || total
-------------------------+-------+-------++-------
Melee: Unarmed           |    21 |       ||    21
 Fire: Hunting sling     |       |    11 ||    11
 Cast: Magic Dart        |    67 |    90 ||   157
       Mephitic Cloud    |     4 |     4 ||     8
       Call Imp          |       |     3 ||     3
  Eat: Chunk             |     2 |     4 ||     6
Armor: Robe              |    14 |     4 ||    18
Dodge: Dodged            |    25 |    22 ||    47

Table legend:
 A = Spawn XP
 B = Non-spawn XP
 C = Spawn XP percentage of total XP
 D = Spawn monster count
 E = Non-spawn monster count
 F = Spawn count percentage of total count
 G = Total turns spent on level
                    A         B        C        D         E        F      G
               +---------+---------+-------+---------+---------+-------+---------
         Total |       0 |     354 |   0.0 |       0 |      48 |   0.0 |  2713
               +---------+---------+-------+---------+---------+-------+---------
           D:1 |       0 |      13 |   0.0 |       0 |       8 |   0.0 |   872
           D:2 |       0 |     153 |   0.0 |       0 |      25 |   0.0 |  1183
           D:3 |       0 |     188 |   0.0 |       0 |      15 |   0.0 |   658
               +---------+---------+-------+---------+---------+-------+---------
